 Dungeon Crawl Stone Soup version 0.30-a0-772-g5528072125 (webtiles) character file.

Game seed: 5884500237546108472

186 cowhearter the Insei (level 5, 0/36 HPs)
             Began as an Octopode Monk on Feb 13, 2023.
             Slain by an orc
             ... wielding a +2 antimagic hand axe
              (7 damage)
             ... on level 4 of the Dungeon.
             The game lasted 00:05:58 (2905 turns).

cowhearter the Insei (Octopode Monk)                Turns: 2905, Time: 00:05:59

Health: 0/36       AC:  1    Str: 13    XL:     5   Next: 66%
Magic:  0/5        EV: 12    Int: 12    God:
Gold:   234        SH:  7    Dex: 14    Spells: 4/4 levels left

rFire   . . .      SeeInvis .    o - +0 hammer
rCold   . . .      Faith    .    m - +0 kite shield
rNeg    . . .      Spirit   .    (helmet restricted)
rPois   .          Reflect  .    (no amulet)
rElec   .          Harm     .    (no ring)
rCorr   .          Rampage  .    (no ring)
Will    .....                    (no ring)
Stlth   ++++                     (no ring)
HPRegen 0.26/turn                (no ring)
MPRegen 0.09/turn                (no ring)
                                 (no ring)
                                 (no ring)

@: no status effects
A: almost no armour, amphibious, 8 rings, camouflage 1, gelatinous body 1,
(nimble swimmer 1), tentacles
a: no special abilities


You were on level 4 of the Dungeon.
You visited 1 branch of the dungeon, and saw 4 of its levels.

You collected 234 gold pieces.

Inventory:

Hand Weapons
 n - a +2 quarterstaff of chaos
 o - a +0 hammer (weapon)
Missiles
 b - 6 datura-tipped darts (quivered)
 u - 4 poisoned darts
Armour
 m - a +0 kite shield (worn)
Jewellery
 r - a ring of flight
Wands
 w - a wand of light (12)
Scrolls
 c - 2 scrolls of silence {unknown}
 d - 2 scrolls of noise {unknown}
 h - 2 scrolls of poison {unknown}
 i - a scroll of fear {unknown}
 j - 4 scrolls of identify {unknown}
 k - 3 scrolls of immolation {unknown}
 q - a scroll of magic mapping {unknown}
 t - a scroll of enchant armour {unknown}
 v - a scroll of teleportation {unknown}
Potions
 a - a potion of ambrosia
 e - 2 potions of degeneration {unknown}
 f - a potion of haste {unknown}
 g - a potion of magic {unknown}
 l - a potion of lignification {unknown}
 p - 3 potions of brilliance {unknown}
 s - a potion of cancellation {unknown}


   Skills:
 + Level 3.6 Fighting
 * Level 0.4 Maces & Flails
 + Level 3.5 Dodging
 + Level 4.2 Stealth
 + Level 0.5 Shields
 + Level 4.7 Unarmed Combat


You had 4 spell levels left.
You didn't know any spells.
Your spell library contained the following spells:

 Spells                   Type           Power      Damage    Failure   Level
 Magic Dart               Conj           0%         1d3       75%         1
 Searing Ray              Conj           0%         2d4       87%         2
 Frozen Ramparts          Ice            0%         1d1       98%         3
 Fulminant Prism          Conj/Hex       0%         3d5       100%        4
 Metabolic Englaciation   Hex/Ice        0%         N/A       100%        5
 Malign Gateway           Summ/Tloc      0%         N/A       100%        7
 Animate Armour           Summ/Erth      Unusable   N/A       N/A         4

Dungeon Overview and Level Annotations

Branches:
Dungeon (4/15)
 Temple: D:4-7

Altars:
Trog
Xom

Shops:
D:2 ?   D:3 [


Innate Abilities, Weirdness & Mutations

You cannot wear most types of armour.
You are amphibious.
You can wear up to eight rings at the same time.
Your skin changes colour to match your surroundings (Stealth+).
Your rubbery body absorbs attacks. (AC +1, EV +1)
((You are camouflaged when in or above water. (Stealth+)))
You have tentacles for arms and can constrict up to eight enemies at once.


Message History

v - a scroll labelled OWATUA HYAMA
Found 6 stones.
You now have 234 gold pieces (gained 15).
w - a wand of light (12)
You open the door.
There is an open door here.
You pick up Kiger's Collected Works on Subzero Company and begin reading...
You add the spells Frozen Ramparts, Metabolic Englaciation and Malign Gateway to your library.
You open the door.
Found 5 javelins.
There is an open door here.
There is an open door here.
Found a shimmering altar of Xom.
Found a mace.
A kobold comes into view.
It is wielding a +1 antimagic short sword.
The kobold shouts!
You hear a shout! x2
A gnoll comes into view. It is wielding a +2 antimagic spear.
The gnoll moves out of view.
An orc comes into view. It is wielding a +2 antimagic hand axe.
Found a bloodstained altar of Trog.
You block the kobold's attack.
The kobold hits you with a +1 antimagic short sword.
You feel your power leaking away.
The gnoll hits you with a +2 antimagic spear!
You feel your power leaking away.
You closely miss the kobold. Your grab misses the kobold.
You block the kobold's attack.
The gnoll hits you with a +2 antimagic spear!
The orc hits you with a +2 antimagic hand axe.
The gnoll closely misses you. The kobold barely misses you.
You hit the kobold but do no damage. Your grab misses the kobold.
Your tentacle-slap misses the kobold.
Your squeeze misses the kobold. The orc barely misses you.
The kobold misses you. The gnoll barely misses you.
You hit the kobold but do no damage. Your grab misses the kobold.
Your squeeze misses the kobold. You block the orc's attack.
The kobold hits you but does no damage.
The gnoll hits you with a +2 antimagic spear.
* * * LOW HITPOINT WARNING * * *
The orc hits you with a +2 antimagic hand axe!
You die...

.......#..........# #.P.#
.......#.....###### #.P.#
.#####+#..... ####.P.#
.#........ #....P.#
##........ #### #......#
.......... ##...##......#
..........##...8.#......#
..........#....gK.......#
..........#._..o@.......#
..........#.............#
..........##...8.#......#
..######## ##...##......#
..# #### .####### ..# .
..# ..+ ..#


You could see a gnoll, an orc and a kobold.

Vanquished Creatures
  A scorpion (D:4)
  Crazy Yiuf (D:2)
  4 adders
  An ufetubus (D:4)
  An orc (D:3)
  6 bats
  2 endoplasms
  4 giant cockroaches
  5 goblins
  2 hobgoblins (D:1)
  3 jackals (D:1)
  5 kobolds
  6 quokkas
  4 ball pythons
  4 frilled lizards
  3 rats
52 creatures vanquished.

Notes
Turn   | Place    | Note
-------+----------+-------------------------------------------
     0 | D:1      | cowhearter the Octopode Monk began the quest for the Orb.
     0 | D:1      | Reached XP level 1. HP: 16/16 MP: 1/1
   144 | D:1      | Reached XP level 2. HP: 21/21 MP: 2/2
   577 | D:1      | Found a faded altar of an unknown god.
   592 | D:1      | Reached XP level 3. HP: 26/26 MP: 3/3
   889 | D:2      | Found Raechedo's Magic Scroll Boutique.
  1043 | D:2      | Reached XP level 4. HP: 25/31 MP: 4/4
  1540 | D:2      | Found a runed translucent door.
  1541 | D:2      | Noticed Crazy Yiuf
  1550 | D:2      | Killed Crazy Yiuf
  2302 | D:3      | Found Zial's Armour Emporium.
  2436 | D:4      | Noticed a scorpion
  2442 | D:4      | Killed a scorpion
  2443 | D:4      | Reached XP level 5. HP: 24/36 MP: 5/5
  2787 | D:4      | Identified the +2 ring mail "Heplief" {rPois MP+9 Slay+3}
  2857 | D:4      | Got Kiger's Collected Works on Subzero Company
  2878 | D:4      | Found a shimmering altar of Xom.
  2900 | D:4      | Found a bloodstained altar of Trog.
  2905 | D:4      | Slain by an orc

Illustrated notes

Levels and vault maps discovered:
D:1:      mrwooster_arrival_statue_3, layout_basic,
          shapermc_ecumenical_altar_acropolis, serial_corexii_hall,
          chequers_hall_statues_y, corexii_hall_statues_t,
          chequers_hall_statues_corner_a, corexii_hall_statues_i,
          corexii_hall_statues_x, corexii_hall_statues_s
D:2:      layout_rooms, serial_shops, nicolae_shop_stone, st_stairs_13,
          due_unseen_surprise, uniq_crazy_yiuf_cottage
D:3:      layout_basic, serial_shops, nicolae_shop_hallway_plus,
          hangedman_abyss_or_decor_lesser_grid, serial_bayou_pond_d, hex_medium,
          grunt_decor_arrowhead, ebering_dispersal_statue_hall,
          hangedman_decor_diamond_cutter, minivault_27, nrook_uturn
D:4:      layout_gridville, trog_antimagical, mainiacjoe_overflow_boulevard

Skill      XL: |  1  2  3  4 |
---------------+-------------+-----
Stealth        | 3 4 |  4.2
Unarmed Combat | 4 |  4.7
Fighting       | |  3.6
Maces & Flails | |  0.4
Dodging        | |  3.5
Shields        | |  0.5

Action                     |  1- 3 |  4- 6 || total
---------------------------+-------+-------++-------
  Melee: Unarmed           |    68 |    22 ||    90
         Constrict         |    19 |     8 ||    27
         Tentacles         |     9 |     8 ||    17
         Punch             |     3 |     3 ||     6
         Mace              |       |    28 ||    28
   Stab: Sleeping          |     4 |    11 ||    15
         Distracted        |       |     1 ||     1
 Armour: Skin              |     9 |     8 ||    17
  Dodge: Dodged            |    47 |    22 ||    69
  Block: Kite shield       |       |    21 ||    21

Table legend: (Time is in decaauts)
 A = Elapsed time spent in this place.
 B = Non-inter-level travel time spent in this place.
 C = Inter-level travel time spent in this place.
 D = Time resting spent in this place.
 E = Time spent auto-exploring this place.
 F = Levels seen in this place.
 G = Mean time per level.
                   A        B        C        D        E       F      G
               +--------+--------+--------+--------+--------+-----+--------+
         Total |   2917 |   2778 |    139 |    390 |   1899 |   4 |  729.2 |
       Dungeon |   2917 |   2778 |    139 |    390 |   1899 |   4 |  729.2 |
               +--------+--------+--------+--------+--------+-----+--------+

Top non-repeatable levels by time:
     D:1: 878 daAuts
     D:3: 805 daAuts
     D:2: 754 daAuts
     D:4: 478 daAuts
